AoeStats
← Chlupinek

African Clearing

506515689Analyzed
4v4 RM · 17d ago on Sep 13, 2026· 30m 10s· 8 players
Game mode
Random Map
Map size
Large (8 player)
Population
200
Speed
Normal
Resources
Standard
Victory
Conquest
Starting age
Dark Age
Ending age
Imperial Age
RankedLock teamsTeams togetherTeam positionsShared explorationLock speedFull tech treeHidden civsTurbo modeCheats
Victory
Defeat
🇨🇳 Mongols · China
1696
+11
🇨🇿 Spanish · Czechia
1675
+12
🇬🇪 Slavs · Georgia
1619
+14
🇲🇽 Berbers · Mexico
1456
+21
🇵🇪 Persians · Peru
1792
-23
🇨🇱 Chinese · Chile
1591
-15
🇨🇱 Bengalis · Chile
1525
-12
🇨🇱 Spanish · Chile
1389
-8
Marlin
5:32 Loom
12:30 Feudal Age
13:26 Double-Bit Axe
16:46 Castle Age
14:42 Horse Collar
17:52 Bow Saw
20:43 Fletching
21:18 Bodkin Arrow
26:02 Ballistics
29:42 Husbandry
[GDL] Perro del Mal
9:03 Loom
11:26 Feudal Age
12:12 Double-Bit Axe
13:58 Forging
24:19 Castle Age
23:06 Scale Barding Armor
24:10 Fletching
25:39 Husbandry
30:27 Padded Archer Armor
Chlupinek
9:43 Loom
10:28 Loom
13:22 Feudal Age
18:03 Castle Age
21:39 Fletching
27:20 Horse Collar
[TMG] purple
12:50 Loom
15:50 Feudal Age
16:40 Double-Bit Axe
23:47 Fletching
24:38 Forging
24:23 Horse Collar
27:57 Scale Barding Armor
29:49 Wheelbarrow
[CL]CHiNO
3:31 Loom
14:49 Feudal Age
15:45 Double-Bit Axe
16:27 Fletching
[CL] ~C H R I $-
3:14 Loom
14:05 Feudal Age
18:24 Castle Age
16:54 Stone Mining
16:52 Double-Bit Axe
19:56 Bow Saw
19:30 Horse Collar
25:52 Padded Archer Armor
26:45 Bloodlines
26:36 Husbandry
28:46 Leather Archer Armor
[CL]DarkLoki
5:51 Loom
13:14 Feudal Age
15:28 Wheelbarrow
19:48 Castle Age
18:32 Gold Mining
18:29 Double-Bit Axe
21:45 Fletching
24:31 Padded Archer Armor
26:46 Bodkin Arrow
27:28 Leather Archer Armor
28:26 Town Watch
29:29 Ballistics
CL_lorecs
5:55 Loom
11:39 Feudal Age
12:02 Double-Bit Axe
25:40 Castle Age
26:23 Padded Archer Armor
26:13 Fletching
27:57 Bodkin Arrow
Connection lost

Rejoining the realm…

Still unreachable

The connection could not be restored.

Session expired

The server has moved on; the page needs a fresh start.